Map: Triton LE

Players

Scarlett - Winner!

  • Race: Zerg Zerg
  • Spawn Location: 5:00

PartinG

  • Race: Protoss Protoss
  • League: Grandmaster
  • Spawn Location: 11:00

VOD

Have the link to the VOD?

Description

Time

  • Played on: Jan. 7, 2020, 6:15 p.m.
  • Length: 11:39
Show
View Real Time Build Order
Export as new Build Order

Scarlett Zerg - Winner!

Build Orders: Hatch First 

Get SALT Encoding   

  12  0:00  Drone  
  13  0:13  Overlord  
  13  0:17  Drone  
  14  0:31  Drone x2  
  16  0:47  Hatchery  
  15  0:51  Drone  
  15  0:54  Drone  
  17  0:58  Drone  
  17  1:00  Extractor  
  17  1:12  Spawning Pool  
  17  1:16  Drone  
  17  1:20  Drone  
  18  1:28  Drone  
  19  1:39  Drone  
  20  1:51  Drone  
  21  1:59  Queen x2  
  21  2:00  Zergling x2  
  21  2:01  Metabolic Boost  
  26  2:06  Overlord  
  26  2:11  Drone  
  26  2:12  Drone  
  28  2:24  Drone x2  
  30  2:34  Hatchery  
  30  2:35  Drone  
  30  2:37  Drone  
  31  2:46  Overlord  
  31  2:47  Drone  
  32  2:52  Drone  
  32  2:53  Queen  
  32  2:55  Drone  
  36  3:07  Drone x4  
  36  3:08  Overlord  
  36  3:10  Zergling x2  
  36  3:12  Zergling x2  
  42  3:14  Zergling x2  
  43  3:21  Lair  
  43  3:26  Roach Warren  
  42  3:28  Drone  
  42  3:31  Drone  
  42  3:33  Drone  
  45  3:35  Extractor, Drone  
  45  3:36  Extractor  
  44  3:43  Drone x4  
  48  3:49  Overlord  
  48  3:55  Drone x2  
  48  4:03  Drone x2  
  48  4:05  Overlord  
  48  4:07  Roach  
  48  4:08  Roach x2  
  56  4:14  Roach x2  
  56  4:16  Roach x2  
  64  4:19  Zergling x2  
  64  4:20  Overlord  
  64  4:23  Overlord  
  65  4:24  Zergling x2  
  65  4:28  Zergling x4, Roach  
  65  4:31  Roach  
  72  4:32  Ravager x2  
  72  4:35  Overlord  
  74  4:41  Zergling x8  
  74  4:43  Ravager  
  79  4:45  Zergling x2  
  79  4:46  Zergling x4  
  79  4:47  Ravager  
  79  4:50  Overlord  
  79  4:51  Zergling x2  
  84  4:54  Overlord  
  83  5:00  Zergling x8  
  83  5:05  Zergling x2  
  83  5:06  Ravager, Roach  
  80  5:10  Zergling x4, Roach  
  80  5:13  Roach  
  78  5:18  Zergling x2, Roach x2  
  78  5:21  Zergling x4  
  78  5:25  Zergling x6  
  78  5:26  Ravager  
  77  5:33  Zergling x6  
  77  5:35  Ravager  
  81  5:36  Zergling x2  
  81  5:37  Zergling x2  
  81  5:39  Ravager  
  81  5:44  Zergling x2  
  81  5:47  Ravager  
  81  5:48  Zergling x4  
  80  5:55  Roach  
  79  6:03  Drone  
  77  6:04  Lair  
  77  6:07  Zergling x10  
  80  6:15  Ravager  
  80  6:17  Zergling x4  
  81  6:22  Zergling x6  
  81  6:23  Queen  
  81  6:24  Ravager  
  83  6:28  Zergling x6  
  83  6:32  Hatchery  
  85  6:35  Roach x2  
  85  6:39  Zergling x2  
  90  6:45  Ravager  
  91  6:50  Overlord x2  
  91  6:53  Overlord  
  90  7:02  Zergling x2, Overlord  
  91  7:12  Zergling x10  
  91  7:13  Ravager x2  
  91  7:14  Roach  
  96  7:26  Roach  
  96  7:27  Zergling x2, Roach x3  
  99  7:44  Zergling x4  
  96  7:45  Ravager  
  96  7:50  Zergling x4  
  96  7:51  Zergling x2, Ravager  
  98  7:52  Ravager x2  
  100  8:00  Zergling x10  
  101  8:14  Roach x5  
  101  8:15  Overseer  
  111  8:20  Zergling x12, Hatchery  
  111  8:23  Ravager  
  111  8:24  Zergling x6  
  110  8:34  Zergling x2  
  110  8:35  Zergling x10  
  112  8:41  Baneling Nest  
  112  8:44  Zergling x6  
  112  8:46  Ravager  
  115  8:52  Drone x6  
  118  8:59  Zergling x6  
  121  9:04  Overlord  
  121  9:10  Zergling x10  
  121  9:12  Ravager x3  
  129  9:19  Zergling x2  
  129  9:22  Overlord x3  
  129  9:23  Overlord  
  130  9:26  Zergling x2  
  130  9:27  Zergling x4  
  132  9:32  Zergling x8  
  132  9:37  Queen  
  136  9:41  Overseer  
  129  9:50  Drone x8  
  135  10:04  Zergling x2  
  135  10:05  Zergling x12  
  142  10:23  Overseer  
  142  10:27  Baneling  
  142  10:28  Baneling x20  
  142  10:29  Zergling x14  
  146  10:45  Baneling x3  
  146  10:46  Baneling x2  
  145  10:56  Zergling x4  
  130  10:57  Zergling x4  
  130  10:58  Zergling x18  
  130  11:02  Zergling x10  
  136  11:06  Zergling x2  
  136  11:10  Zergling x10  
  142  11:15  Zergling x2  
  125  11:19  Zergling x4  
Show
View Real Time Build Order
Export as new Build Order

PartinG Protoss 

Build Orders: 1 Gate Expand 

Get SALT Encoding   

  12  0:00  Probe  
  13  0:13  Probe  
  14  0:18  Pylon  
  14  0:25  Probe  
  15  0:28  Assimilator  
  15  0:37  Probe (Chrono Boost)  
  16  0:43  Gateway  
  16  0:48  Probe (Chrono Boost)  
  17  0:53  Probe (Chrono Boost)  
  18  1:04  Probe  
  19  1:16  Probe  
  20  1:23  Nexus  
  20  1:32  Cybernetics Core  
  20  1:35  Probe  
  21  1:41  Assimilator  
  21  1:48  Probe  
  21  1:50  Pylon  
  22  2:00  Probe  
  23  2:06  Stalker (Chrono Boost)  
  23  2:08  Warp Gate  
  23  2:15  Robotics Facility  
  25  2:16  Probe (Chrono Boost)  
  26  2:26  Probe (Chrono Boost)  
  27  2:33  Sentry  
  27  2:35  Probe (Chrono Boost)  
  31  2:37  Probe (Chrono Boost)  
  32  2:44  Probe (Chrono Boost)  
  32  2:47  Probe (Chrono Boost)  
  32  2:49  Probe (Chrono Boost)  
  34  2:56  Probe  
  35  2:59  Immortal (Chrono Boost)  
  35  3:01  Probe  
  40  3:06  Gateway  
  40  3:09  Probe  
  41  3:13  Probe  
  41  3:15  Gateway  
  41  3:19  Sentry  
  44  3:22  Gateway  
  44  3:28  Warp Prism (Chrono Boost)  
  46  3:35  Pylon  
  46  3:41  Gateway  
  46  3:45  Gateway  
  46  3:56  Gateway  
  46  3:57  Gateway  
  46  4:03  Sentry  
  46  4:04  Zealot  
  46  4:09  Pylon  
  50  4:12  Sentry  
  52  4:18  Zealot  
  52  4:20  Pylon  
  54  4:27  Zealot  
  54  4:28  Zealot  
  54  4:29  Pylon  
  58  4:34  Probe  
  58  4:38  Zealot x3  
  63  4:42  Zealot  
  67  4:46  Probe  
  68  4:54  Zealot x2  
  68  4:55  Zealot  
  68  4:56  Zealot  
  76  5:05  Zealot  
  76  5:14  Stalker x3  
  78  5:20  Stalker x2  
  74  5:26  Stalker  
  76  5:35  Pylon  
  76  5:37  Pylon  
  76  5:46  Stalker x2  
  72  5:50  Zealot x3  
  68  5:57  Zealot  
  68  5:58  Zealot  
  64  6:10  Zealot, Stalker x3  
  64  6:11  Zealot  
  64  6:22  Probe x2  
  64  6:25  Assimilator  
  64  6:27  Assimilator  
  64  6:31  Twilight Council  
  64  6:38  Probe x2  
  64  6:39  Stalker  
  68  6:41  Zealot  
  68  6:42  Zealot x2  
  74  6:51  Shield Battery  
  74  6:54  Stalker  
  74  6:55  Stalker  
  74  6:56  Zealot  
  80  7:03  Zealot x2  
  80  7:07  Charge (Chrono Boost)  
  84  7:13  Zealot  
  72  7:30  Stalker x4  
  72  7:36  Stalker x5  
  78  7:40  Zealot  
  78  7:50  Pylon  
  78  7:52  Pylon  
  78  7:55  Pylon  
  78  7:57  Dark Shrine  
  78  8:09  Zealot x2  
  78  8:10  Zealot x3  
  86  8:15  Immortal (Chrono Boost)  
  90  8:21  Zealot  
  92  8:32  Zealot x3  
  74  8:44  Zealot x3  
  80  8:55  Zealot x3  
  80  9:00  Observer (Chrono Boost)  
  87  9:10  Dark Templar  
  87  9:15  Dark Templar x2  
  93  9:24  Cybernetics Core  
  91  9:47  Nexus  
  91  9:52  Pylon  
  91  10:02  Dark Templar x3  
  91  10:10  Sentry x2, Templar Archives  
  91  10:11  Sentry x4  
  91  10:12  Pylon  
  103  10:17  Forge  
  103  10:21  Probe x2  
  105  10:37  Immortal (Chrono Boost)  
  105  10:42  Zealot x5  
  100  11:05  Sentry x5  
  100  11:07  Zealot  
  62  11:28  Zealot x6  
Tags
 
Add a new tag
Caveats
  • Supply blocks, unpowered buildings, or Contaminate may cause inaccurate times.
  • Supply counts are checked every 10 seconds.